 Dungeon Crawl Stone Soup version 0.27-a0-562-g0d39f094a4 (webtiles) character file.

Game seed: 11476450734653302909

464 porpoise the Skirmisher (level 6, 0/60 HPs)
             Began as a Minotaur Delver on Mar 9, 2021.
             Slain by a rat (1 damage)
             ... summoned by Eustachio
             ... on level 4 of the Dungeon.
             The game lasted 00:04:31 (1283 turns).

porpoise the Skirmisher (Minotaur Delver)           Turns: 1283, Time: 00:04:32

Health: 0/60       AC:  6    Str: 18    XL:     6   Next: 80%
Magic:  5/5        EV: 10    Int:  7    God:
Gold:   15         SH:  0    Dex: 12    Spells: 5/5 levels left

rFire    . . .     SeeInvis .   a - +0 flail
rCold    . . .     Faith    .   (no shield)
rNeg     . . .     Spirit   .   m - +0 scale mail
rPois    .         Reflect  .   (helmet restricted)
rElec    .         Harm     .   (no cloak)
rCorr    .         Rampage  .   (no gloves)
Will     .....                  (no boots)
Stlth    +.........             (no amulet)
HPRegen  0.20/turn              (no ring)
MPRegen  0.09/turn              (no ring)

@: no status effects
A: horns 2, retaliatory headbutt
a: no special abilities


You were on level 4 of the Dungeon.
You visited 2 branches of the dungeon, and saw 3 of its levels.

You collected 15 gold pieces.

Inventory:

Hand Weapons
 a - a +0 flail (weapon)
Missiles
 i - 2 javelins (quivered)
 k - 17 sling bullets
Armour
 m - a +0 scale mail (worn)
Wands
 b - a wand of random effects (19)
 g - a wand of digging (3)
Scrolls
 c - a scroll of fog
 d - 3 scrolls of magic mapping
 e - a scroll of fear
 h - a scroll of enchant armour {unknown}
Potions
 f - a potion of haste
 j - a potion of berserk rage {unknown}


   Skills:
 - Level 7.0 Fighting
 + Level 6.6 Maces & Flails
 - Level 2.1 Dodging
 - Level 4.1 Stealth


You had 5 spell levels left.
You didn't know any spells.
Your spell library was empty.

Dungeon Overview and Level Annotations

Branches:
Dungeon (5/15)             Temple (1/1) D:5

Altars:
Ashenzari
Cheibriados
Dithmenos
Fedhas
Gozag
Hepliaklqana
Kikubaaqudgha
Makhleb
Nemelex Xobeh
Qazlal
Ru
Trog
Uskayaw
Vehumet
Wu Jian
Xom
Yredelemnul
Zin

Annotations:
D:4 Eustachio
D:5 3 transporters, niangp's ghost, novice MiBe


Innate Abilities, Weirdness & Mutations

You have a pair of horns on your head.
You reflexively headbutt those who attack you in melee.


Message History

The river rat barely misses you. You furiously retaliate!
You headbutt the river rat. Eustachio barely misses you.
You furiously retaliate!
You headbutt Eustachio! You barely miss Eustachio.
Eustachio is severely wounded.
The iron imp hits you!
The river rat bites you but does no damage.
Eustachio mumbles some strange words.
The iron imp hits you!
* * * LOW HITPOINT WARNING * * *
You closely miss Eustachio.
Eustachio is severely wounded.
The iron imp hits you but does no damage.
The river rat barely misses you. You furiously retaliate!
You headbutt the river rat. Eustachio hits you with a +0 rapier.
* * * LOW HITPOINT WARNING * * *
You closely miss Eustachio. You headbutt Eustachio!
Eustachio is almost dead.
The iron imp barely misses you. The river rat bites you!
* * * LOW HITPOINT WARNING * * *
The iron imp hits you but does no damage.
Eustachio hits you but does no damage.
You hit Eustachio but do no damage.
Eustachio is almost dead.
The river rat misses you. The iron imp barely misses you.
You furiously retaliate!
You headbutt the iron imp, but do no damage.
Eustachio closely misses you. The iron imp hits you.
* * * LOW HITPOINT WARNING * * *
You closely miss Eustachio.
Eustachio is almost dead.
The river rat bites you!
* * * LOW HITPOINT WARNING * * *
The iron imp completely misses you. You furiously retaliate!
You headbutt the iron imp!
You kill the iron imp!
Eustachio mumbles some strange words.
The iron imp hits you but does no damage.
The rat bites you.
You die...

#....## ####
.....#.####..# #
........##...# ## ..
........##...# #.##...
.........##..###........
♣.#.....†....##........###
......$.)....##..# #.....
♣.♣.....r5#......####.....
.......55@#.##..###....#..
♣.♣....##r@.###.........#
....... ##5.# #........##.
♣.#.... ##..##........>..
....#.. #.................
...... .............)....
.... ...#...#.......... ..
#..##.#........
................


You could see Eustachio, 2 iron imps, a quasit (summoned), a river rat
(summoned), a shadow imp (summoned, expiring) and a rat (summoned).

Vanquished Creatures
  Sigmund (D:4)
  An ogre (D:5)
  A phantom (D:5)
  A scorpion (D:5)
  A jelly (D:5)
  An orc priest (D:4)
  An adder (D:5)
  A white imp (D:5)
  A worm (D:5)
  A leopard gecko (D:5)
  6 orcs
  A ball python (D:4)
  4 jackals (D:5)
  2 frilled lizards (D:5)
  2 quokka zombies (D:5)
25 creatures vanquished.

Notes
Turn   | Place    | Note
-------+----------+-------------------------------------------
     0 | D:5      | porpoise the Minotaur Delver began the quest for the Orb.
     0 | D:5      | Reached XP level 1. HP: 19/19 MP: 0/0
    27 | D:5      | Reached skill level 4 in Fighting
    43 | D:5      | Noticed a jelly
    56 | D:5      | Killed a jelly
    57 | D:5      | Reached XP level 2. HP: 14/28 MP: 1/1
    57 | D:5      | Reached XP level 3. HP: 17/34 MP: 2/2
   253 | D:5      | Found a radiant altar of Vehumet.
   283 | D:5      | Noticed a phantom
   300 | D:5      | Killed a phantom
   301 | D:5      | Reached skill level 5 in Fighting
   301 | D:5      | Reached XP level 4. HP: 17/42 MP: 3/3
   486 | D:5      | Found a transporter.
   501 | D:5      | Found an opulent altar of Gozag.
   510 | D:5      | Noticed an ogre
   523 | D:5      | Killed an ogre
   524 | D:5      | Reached skill level 5 in Maces & Flails
   524 | D:5      | Reached XP level 5. HP: 18/50 MP: 4/4
   758 | D:5      | Found a staircase to the Ecumenical Temple.
   779 | D:5      | Reached skill level 6 in Fighting
   806 | D:5      | Found a transporter.
   814 | D:5      | Noticed an ogre
   814 | D:5      | Noticed niangp's ghost (novice MiBe)
   814 | D:5      | Identified the +7 great mace "Okowob" {spect, rPois rC+
                  | Str+4}
   814 | D:5      | Noticed an ogre
   820 | D:5      | Found a transporter.
   834 | Temple   | Entered the Ecumenical Temple
  1092 | D:4      | Noticed Sigmund
  1182 | D:5      | Reached XP level 6. HP: 51/57 MP: 5/5
  1241 | D:4      | Killed Sigmund
  1262 | D:4      | Noticed Eustachio
  1264 | D:4      | Reached skill level 7 in Fighting
  1283 | D:4      | HP: 1/60 [river rat[Eustachio] (7)]
  1283 | D:4      | Slain by a rat

Illustrated notes

Levels and vault maps discovered:
D:4:      layout_cave_pools, okawaru_trees_1, serial_column_ruins,
          column_ruins_open_tiny, column_ruins_open_large,
          column_ruins_open_small, column_ruins_open_small, serial_shops,
          nicolae_shop_overgrown_old_shop, uniq_sigmund, uniq_eustachio
D:5:      gammafunk_wand_slinger, layout_rooms, nicolae_vehumet_radiance,
          temple_statues, gammafunk_ghost_smash, grunt_gozag_statues
Temple:   minmay_temple_bridge_d

Skill      XL: |  1  2  3  4  5  6 |
---------------+-------------------+-----
Fighting       | 4 5 6 7 |  7.0
Maces & Flails | 3 4 5 6 |  6.6
Dodging        | |  2.1
Stealth        | |  4.1

Action                   |  1- 3 |  4- 6 || total
-------------------------+-------+-------++-------
Melee: Mace              |    22 |    20 ||    42
       Headbutt          |     5 |    11 ||    16
       Flail             |       |    37 ||    37
 Stab: Distracted        |     1 |       ||     1
Armor: Leather armour    |     3 |     2 ||     5
       Scale mail        |       |    17 ||    17
Dodge: Dodged            |    14 |    49 ||    63

Table legend: (Time is in decaauts)
 A = Elapsed time spent in this place.
 B = Non-inter-level travel time spent in this place.
 C = Inter-level travel time spent in this place.
 D = Time resting spent in this place.
 E = Time spent auto-exploring this place.
 F = Levels seen in this place.
 G = Mean time per level.
                   A        B        C        D        E       F      G
               +--------+--------+--------+--------+--------+-----+--------+
         Total |   1296 |   1286 |     10 |    654 |    221 |   3 |  432.0 |
       Dungeon |   1052 |   1051 |      1 |    654 |      0 |   2 |  526.0 |
        Temple |    243 |    234 |      9 |      0 |    221 |   1 |  243.0 |
               +--------+--------+--------+--------+--------+-----+--------+

Top non-repeatable levels by time:
     D:5: 995 daAuts
  Temple: 243 daAuts
     D:4: 57 daAuts
